 Dungeon Crawl Stone Soup version 0.19.4-8-ga85b6b9 (webtiles) character file.

1478 Gargoyl the Covered (level 8, -4/69 HPs)
             Began as a Ghoul Abyssal Knight on Feb 7, 2017.
             Was a Priest of Lugonu.
             Slain by an orc wizard
             ... wielding a +2 dagger of electrocution
              (18 damage)
             ... on level 5 of the Dungeon.
             The game lasted 00:12:51 (5076 turns).

Gargoyl the Covered (Ghoul Abyssal Knight)          Turns: 5076, Time: 00:12:53

Health: -4/69      AC: 18    Str: 16    XL:     8   Next: 79%
Magic:  10/10      EV:  5    Int:  7    God:    Lugonu [***...]
Gold:   246        SH:  0    Dex: 10    Spells: 0 memorised, 7 levels left

rFire  . . .     SeeInvis .     w - -1 executioner's axe
rCold  + . .     Gourm    .     e - +0 plate armour
rNeg   + + +     Faith    .     (shield currently unavailable)
rPois  ∞         Spirit   .     n - +1 helmet (curse)
rElec  .         Reflect  .     b - +1 cloak {rPois}
rCorr  .         Harm     .     g - +0 pair of gloves
MR     .....                    (no boots)
Stlth  ..........               (no amulet)
                                (no ring)
                                (no ring)

@: rotting
A: rotting body, claws 1, carnivore 3, cold resistance 1, negative energy
resistance 3, slow regeneration 1, torment resistance, unbreathing
a: Depart the Abyss, Bend Space, Banish, Renounce Religion


You were on level 5 of the Dungeon.
You worshipped Lugonu.
Lugonu was most pleased with you.
You were not hungry.

You visited 1 branch of the dungeon, and saw 5 of its levels.
You visited the Abyss 1 time.

You collected 246 gold pieces.

Inventory:

Hand Weapons
 a - a +1 hand axe
 j - a +0 whip of venom
 p - a +0 whip of electrocution
 w - a -1 executioner's axe (weapon)
Missiles
 h - 4 tomahawks (quivered)
Armour
 b - a +1 cloak of poison resistance (worn)
 e - a +0 plate armour (worn)
 g - a +0 pair of gloves (worn)
 n - a cursed +1 helmet (worn)
Scrolls
 f - 2 scrolls of remove curse
 t - a scroll of fog
Potions
 d - a potion of cancellation {unknown}
 i - a potion of degeneration {unknown}
 l - a potion of resistance
 s - a potion of flight
Comestibles
 c - 2 meat rations
 r - a slice of pizza


   Skills:
 + Level 5.4 Fighting
 + Level 3.9(4.6) Axes
 + Level 3.6(4.4) Maces & Flails
 * Level 6.2 Armour
 + Level 2.0 Dodging
 * Level 4.6 Invocations


You had 7 spell levels left.
You didn't know any spells.

Dungeon Overview and Level Annotations

Branches:
Dungeon (5/15)             Temple (0/1) D:5

Altars:
Dithmenos
Sif Muna


Innate Abilities, Weirdness & Mutations

Your body is rotting away.
You thrive on raw meat.
You are immune to poison.
You have sharp fingernails.
You are carnivorous and can eat meat at any time.
Your flesh is cold resistant. (rC+)
You are immune to negative energy. (rN+++)
You regenerate slowly when monsters are visible.
You are immune to unholy pain and torment.
You can survive without breathing.


Message History

The orc wizard is heavily wounded.
The orc wizard mumbles some strange words.
The orc wizard seems to speed up.
The orc wizard hits you but does no damage.
You miss the orc wizard.
The orc wizard is moderately wounded.
The orc wizard hits you but does no damage.
The orc wizard begins to cast a cantrip, but forgets the words!
The orc wizard gestures at you while chanting.
The puff of flame misses you.
The orc wizard gestures at you while chanting.
The magic dart hits you!
You see here an orc corpse.
You butcher the orc corpse.
The orc wizard hits you but does no damage.
You are electrocuted!
* * * LOW HITPOINT WARNING * * *
The orc wizard hits you but does no damage.
You are electrocuted!
You die...

#.##. #..##....##
#.##.####....# #...)#
##...# ###..## #####
##....## #### #......##
#...## #.........#
#.....# ...........##
###......#
..#.........###)@.......
..#...#......#..o.......
. #...##................
.... ##...............
.. ##..............
#.%............
###...........#
##........?##
#<........#


You could see an orc wizard.

Vanquished Creatures
  Grinder (D:3)
  Eustachio (D:4)
  Duvessa (D:4)
  2 ice beasts (D:4)
  An ogre (D:5)
  A phantom (D:5)
  Dowan (D:4)
  4 scorpions
  A crimson imp (D:5)
  An orc priest (D:3)
  Crazy Yiuf (D:2)
  Jessica (D:2)
  An iguana (D:5)
  2 worker ants
  A hound skeleton (D:4)
  10 adders
  2 oozes (D:2)
  5 worms
  3 dart slugs
  6 leopard geckos
  12 orcs
  12 bats
  5 giant cockroaches
  11 hobgoblins
  7 jackals
  2 quokkas
  2 ball pythons
  6 frilled lizards
  6 goblins
  9 kobolds
  8 rats
126 creatures vanquished.

Vanquished Creatures (others)
  3 fungi (D:4)
3 creatures vanquished.

Grand Total: 129 creatures vanquished

Notes
Turn   | Place    | Note
-------+----------+-------------------------------------------
     0 | Abyss:1  | Gargoyl the Ghoul Abyssal Knight began the quest for the Orb.
     0 | Abyss:1  | Reached XP level 1. HP: 19/19 MP: 1/1
     1 | Abyss:1  | Found a corrupted altar of Lugonu.
    54 | Abyss:1  | Noticed a starcursed mass
    58 | D:1      | Escaped the Abyss
   157 | D:1      | Reached skill level 1 in Dodging
   217 | D:1      | Reached XP level 2. HP: 26/26 MP: 2/2
   558 | D:1      | Reached * piety under Lugonu
   592 | D:1      | Reached skill level 2 in Armour
   884 | D:1      | Reached XP level 3. HP: 32/33 MP: 3/3
  1061 | D:2      | HP: 1/33 [worm (8)]
  1118 | D:2      | Found a shadowy altar of Dithmenos.
  1185 | D:2      | Reached XP level 4. HP: 37/40 MP: 4/4
  1324 | D:2      | Found a runed door.
  1325 | D:2      | Noticed Crazy Yiuf
  1329 | D:2      | Killed Crazy Yiuf
  1329 | D:2      | Reached skill level 1 in Maces & Flails
  1640 | D:2      | Reached XP level 5. HP: 46/46 MP: 5/5
  1753 | D:2      | Reached ** piety under Lugonu
  1812 | D:2      | Reached skill level 3 in Armour
  1832 | D:2      | Noticed Jessica
  1842 | D:2      | Killed Jessica
  2173 | D:3      | Noticed Grinder
  2174 | D:3      | Paralysed by Grinder for 2 turns
  2195 | D:3      | Paralysed by Grinder for 3 turns
  2198 | D:3      | Killed Grinder
  2198 | D:3      | Reached XP level 6. HP: 36/52 MP: 7/7
  2238 | D:3      | Reached skill level 4 in Armour
  2513 | D:3      | Reached XP level 7. HP: 59/59 MP: 8/8
  2671 | D:3      | Found a deep blue altar of Sif Muna.
  3340 | D:4      | Noticed Dowan
  3342 | D:4      | Noticed Duvessa
  3365 | D:4      | Noticed Eustachio
  3372 | D:5      | Entered Level 5 of the Dungeon
  3390 | D:5      | Reached skill level 5 in Armour
  3457 | D:4      | Killed Duvessa
  3457 | D:4      | Reached skill level 5 in Fighting
  3457 | D:4      | Reached XP level 8. HP: 34/68 MP: 10/10
  3578 | D:4      | Killed Dowan
  3580 | D:4      | HP: 2/68 [spatial distortion (2)]
  4028 | D:4      | Killed Eustachio
  4028 | D:4      | Reached *** piety under Lugonu
  4696 | D:4      | Reached skill level 6 in Armour
  4868 | D:5      | Found a staircase to the Ecumenical Temple.
  5076 | D:5      | Slain by an orc wizard

Skill      XL: |  1  2  3  4  5  6  7  8 |
---------------+-------------------------+-----
Dodging        | 1 2 |  2.0
Axes           | 2 3 |  3.9
Armour         | 2 3 4 5 6 |  6.2
Maces & Flails | 1 2 3 |  3.6
Fighting       | 4 5 |  5.4
Invocations    | 3 4 |  4.6

Action                   |  1- 3 |  4- 6 |  7- 9 || total
-------------------------+-------+-------+-------++-------
Melee: Hand axe          |    33 |       |       ||    33
       Whip              |    88 |   200 |   192 ||   480
       Executioner's axe |       |       |   259 ||   259
Invok: Depart the Abyss  |     1 |       |       ||     1
       Bend Space        |       |       |     2 ||     2
  Use: Scroll            |     1 |     4 |     6 ||    11
       Potion            |     3 |       |     7 ||    10
 Stab: Held in net/web   |       |       |     1 ||     1
  Eat: Chunk             |    11 |    20 |    32 ||    63
Armor: Plate armour      |   114 |   211 |   791 ||  1116
       Leather armour    |     1 |       |       ||     1
Dodge: Dodged            |    34 |    68 |   245 ||   347
